AoeStats
← Govekin

Arena

509513614Analyzed
4v4 RM · 5d ago on Sep 27, 2026· 42m 29s· 8 players
Game mode
Random Map
Map size
Large (8 player)
Population
200
Speed
Normal
Resources
Standard
Victory
Conquest
Starting age
Dark Age
Ending age
Imperial Age
RankedLock teamsTeams togetherTeam positionsShared explorationLock speedFull tech treeHidden civsTurbo modeCheats
Victory
Defeat
🇦🇷 Italians · Argentina
928
+12
🇨🇦 Britons · Canada
919
+13
🇯🇵 Khmer · Japan
905
+13
🇲🇽 Goths · Mexico
892
+14
🇨🇱 Teutons · Chile
930
-16
🇨🇱 Danes · Chile
899
-15
842
-13
🇨🇱 Bengalis · Chile
708
-8
L0rd Str1d3r
0:29 Loom
11:05 Feudal Age
16:50 Castle Age
16:39 Double-Bit Axe
16:35 Horse Collar
25:12 Bow Saw
27:22 Heavy Plow
32:55 Imperial Age
31:45 Forging
31:37 Scale Mail Armor
33:48 Wheelbarrow
34:09 Anarchy
34:23 Gold Mining
34:24 Stone Mining
35:23 Iron Casting
34:40 Fletching
35:00 Squires
35:31 Conscription
36:00 Crop Rotation
36:07 Hand Cart
36:07 Perfusion
37:30 Chain Mail Armor
39:30 Blast Furnace
38:53 Bodkin Arrow
39:22 Elite Huskarl
41:12 Bracer
42:54 Padded Archer Armor
lesserpanda1300
2:09 Loom
11:51 Feudal Age
12:32 Double-Bit Axe
12:34 Horse Collar
19:43 Castle Age
18:02 Stone Mining
18:05 Gold Mining
18:28 Forging
18:45 Bloodlines
19:20 Fletching
19:36 Scale Barding Armor
21:36 Wheelbarrow
21:33 Husbandry
20:55 Light Cavalry
28:06 Hand Cart
30:15 Heavy Plow
30:30 Bow Saw
33:06 Imperial Age
32:03 Murder Holes
32:46 Iron Casting
32:07 Bodkin Arrow
33:09 Heavy Scorpion
34:12 Conscription
35:28 Double Crossbow
37:10 Chemistry
AB14
11:32 Feudal Age
15:38 Castle Age
13:49 Horse Collar
13:56 Double-Bit Axe
14:43 Gold Mining
15:37 Stone Mining
20:06 Bow Saw
19:58 Heavy Plow
20:19 Fletching
23:13 Bodkin Arrow
25:08 Ballistics
29:15 Treadmill Crane
30:11 Yeomen
32:43 Padded Archer Armor
34:44 Fortified Wall
34:31 Murder Holes
34:06 Pikeman
41:57 Imperial Age
43:06 Wheelbarrow
CheLoco3552
10:27 Feudal Age
14:18 Castle Age
14:06 Double-Bit Axe
14:08 Loom
16:05 Wheelbarrow
16:27 Bow Saw
22:16 Fletching
24:42 Horse Collar
29:35 Heavy Plow
33:26 Imperial Age
31:39 Bodkin Arrow
32:03 Padded Archer Armor
33:08 Forging
34:26 Bracer
35:41 Chemistry
35:29 Hand Cart
35:33 Gold Mining
36:15 Leather Archer Armor
37:35 Stone Mining
39:45 Elite Genoese Crossbowman
The_br4ve ®
11:10 Feudal Age
15:14 Castle Age
14:31 Double-Bit Axe
21:55 Forging
22:50 Loom
23:45 Wheelbarrow
24:45 Town Watch
26:07 Elite Skirmisher
30:59 Fletching
31:37 Padded Archer Armor
33:43 Bodkin Arrow
36:15 Leather Archer Armor
39:36 Gambesons
39:56 Scale Mail Armor
42:47 Iron Casting
Govekin
16:10 Feudal Age
16:39 Feudal Age
17:44 Loom
23:07 Castle Age
26:31 Elite Skirmisher
28:11 Double-Bit Axe
32:21 Husbandry
36:40 Fletching
36:50 Padded Archer Armor
Gelblich
11:47 Feudal Age
15:53 Castle Age
15:11 Double-Bit Axe
22:20 Loom
23:12 Wheelbarrow
23:04 Horse Collar
23:13 Pikeman
25:33 Hand Cart
26:36 Heavy Plow
26:50 Bow Saw
31:53 Imperial Age
30:14 Bloodlines
30:58 Forging
30:53 Scale Barding Armor
30:43 Fletching
33:35 Crenellations
33:37 Conscription
32:45 Capped Ram
34:30 Squires
36:08 Chemistry
35:19 Masonry
35:30 Ballistics
35:16 Siege Engineers
36:44 Cavalier
39:08 Halberdier
El Cachero de las Pampas
10:44 Feudal Age
12:03 Double-Bit Axe
17:05 Castle Age
24:24 Stone Mining
27:01 Gold Mining
29:17 Forging
30:11 Bow Saw
34:08 Wheelbarrow
35:28 Hand Cart
37:55 Padded Archer Armor
39:18 Husbandry
Connection lost

Rejoining the realm…

Still unreachable

The connection could not be restored.

Session expired

The server has moved on; the page needs a fresh start.